 Dungeon Crawl Stone Soup version 0.30-a0-359-gd0147acb1a (webtiles) character file.

Game seed: 2532493101948538645

1103 Maxmaps the Carver (level 8, -5/58 HPs)
             Began as a Formicid Fighter on Nov 11, 2022.
             Was an Initiate of Gozag.
             Killed from afar by an electric eel (10 damage)
             ... with a bolt of electricity
             ... on level 6 of the Dungeon.
             The game lasted 00:05:54 (5506 turns).

Maxmaps the Carver (Formicid Fighter)               Turns: 5506, Time: 00:05:55

Health: -5/58      AC:  6    Str: 21    XL:     8   Next: 58%
Magic:  8/8        EV:  9    Int:  8    God:    Gozag
Gold:   551        SH:  6    Dex: 15    Spells: 7/7 levels left

rFire   . . .      SeeInvis +    t - +1 dagger (venom)
rCold   . . .      Faith    .    c - +1 buckler
rNeg    . . .      Spirit   .    b - +0 scale mail
rPois   .          Reflect  .    (helmet unavailable)
rElec   .          Harm     .    (no cloak)
rCorr   .          Rampage  .    (no gloves)
Will    .....                    (no boots)
Stlth   ..........               (no amulet)
HPRegen 0.29/turn                (no ring)
MPRegen 0.11/turn                (no ring)

@: no status effects
A: permanent stasis, dig shafts and tunnels, antennae 3, four strong arms
a: Dig, Shaft Self, Renounce Religion, Potion Petition, Call Merchant, Bribe
Branch


You were on level 6 of the Dungeon.
You worshipped Gozag.
Gozag was pleased with you.
You visited 1 branch of the dungeon, and saw 6 of its levels.

You collected 617 gold pieces.
You spent 24 gold pieces at shops.
You paid 42 gold pieces to Gozag.

Inventory:

Hand Weapons
 a - a +1 vampiric long sword
 t - a +1 dagger of venom (weapon)
Armour
 b - a +0 scale mail (worn)
 c - a +1 buckler (worn)
Scrolls
 g - a scroll of brand weapon
 j - 4 scrolls of teleportation
 m - 2 scrolls of amnesia {unknown}
 n - 3 scrolls of identify
 o - 2 scrolls of magic mapping
 p - a scroll of fear
Potions
 d - 2 potions of might
 e - a potion of lignification
 f - a potion of cancellation
 h - a potion of haste
 i - a potion of degeneration
 k - a potion of berserk rage
 l - a potion of flight {unknown}
 q - a potion of mutation
 v - 2 potions of curing
 z - a potion of magic {unknown}


   Skills:
 - Level 3.2 Fighting
 + Level 9.8 Long Blades
 - Level 3.2 Armour
 - Level 4.0 Shields


You had 7 spell levels left.
You didn't know any spells.
Your spell library contained the following spells:

 Spells                   Type           Power      Damage    Failure   Level
 Magic Dart               Conj           0%         1d3       82%         1
 Call Imp                 Summ           0%         N/A       91%         2
 Mephitic Cloud           Conj/Pois/Air  0%         N/A       99%         3


Dungeon Overview and Level Annotations

Branches:
Dungeon (6/15)
 Temple: D:4-7

Altars:
Ashenzari
Fedhas
Gozag
Ru
Wu Jian

Shops:
D:4 =   D:5 *   D:6 **


Innate Abilities, Weirdness & Mutations

You cannot be hasted, slowed, berserked, paralysed or teleported.
You can dig through walls and to a lower floor.
You have a pair of large antennae on your head. (SInv)
Your four strong arms can wield two-handed weapons with a shield.


Message History

You enter the shallow water.
Moving in this stuff is going to be slow.
The electric eel shoots out a bolt of lightning at you!
The bolt of electricity hits the plant!
The plant begins to die.
The bolt of electricity hits you!
The electric eel shoots out a bolt of lightning at you!
The bolt of electricity hits the plant!
The bolt of electricity hits you!
The electric eel shoots out a bolt of lightning at you!
The bolt of electricity hits you!
A nearby plant withers and dies.
The electric eel shoots out a bolt of lightning at you!
The bolt of electricity hits you!
The electric eel shoots out a bolt of lightning at you!
The bolt of electricity hits you.
* * * LOW HITPOINT WARNING * * *
You barely miss the electric eel. You hit the electric eel.
The electric eel is lightly wounded.
The electric eel shoots out a bolt of lightning at you!
The bolt of electricity hits you!
* * * LOW HITPOINT WARNING * * *
You hit the electric eel but do no damage.
The electric eel is poisoned.
The electric eel is lightly wounded.
You feel better.
The electric eel shoots out a bolt of lightning at you!
The bolt of electricity hits you!
* * * LOW HITPOINT WARNING * * *
You miss the electric eel.
The electric eel is moderately wounded.
The electric eel shoots out a bolt of lightning at you!
The bolt of electricity misses you.
You barely miss the electric eel.
The electric eel is heavily wounded.
You closely miss the electric eel.
The electric eel is heavily wounded.
The electric eel shoots out a bolt of lightning at you!
The bolt of electricity hits you!
You die...
Your body crumbles into a pile of gold.

... .. .. #.. .. ....
~♣♣~~.. ♣♣♣♣ ~~~~~~♣#.##
P~≈~♣♣♣♣~~~~P~~..#
~~~~~~~S~~P~~~~..
.......@........
P~~~~~~~~~~~~~♣
~~~~~~~~~~~~P♣#
~~~P♣♣♣~P~~P♣#
♣♣♣P...~♣♣~♣##
♣~......>...# ~~≈≈~.~≈♣
♣.....#.##..##
≈≈≈≈≈.~~♣♣♣..._...#>...###
P~≈≈≈.~~P♣♣♣...........#.##


You could see an electric eel (very poisoned).

Vanquished Creatures
  3 ogres (D:4)
  A centaur (D:5)
  2 kobold brigands
  A necrophage (D:6)
  4 scorpions
  A hound (D:4)
  A gnoll bouda (D:5)
  2 jellies (D:6)
  2 iguanas
  4 adders
  3 white imps
  2 ufetubi
  2 dart slugs
  16 orcs
  6 ball pythons
  4 endoplasms
  3 giant cockroaches
  9 goblins
  3 hobgoblins
  3 jackals (D:4)
  6 kobolds
  3 quokkas
  5 bats
  2 frilled lizards (D:1)
  5 rats
93 creatures vanquished.

Vanquished Creatures (others)
  14 plants (D:6)
14 creatures vanquished.

Grand Total: 107 creatures vanquished

Notes
Turn   | Place    | Note
-------+----------+-------------------------------------------
     0 | D:1      | Maxmaps the Formicid Fighter began the quest for the Orb.
     0 | D:1      | Reached XP level 1. HP: 18/18 MP: 1/1
   160 | D:1      | Reached XP level 2. HP: 18/24 MP: 2/2
   362 | D:1      | Reached skill level 3 in Long Blades
   643 | D:1      | Reached XP level 3. HP: 29/29 MP: 3/3
   696 | D:1      | You fall into a shaft and drop 1 floor!
  1445 | D:2      | Found a faded altar of an unknown god.
  1832 | D:3      | Found a blossoming altar of Fedhas.
  1832 | D:3      | Found an ornate altar of the Wu Jian Council.
  1890 | D:3      | Found an opulent altar of Gozag.
  1927 | D:3      | Became a worshipper of Gozag Ym Sagoz the Greedy
  2107 | D:3      | Reached skill level 4 in Long Blades
  2107 | D:3      | Reached XP level 4. HP: 35/35 MP: 4/4
  2619 | D:4      | Noticed an ogre
  2632 | D:4      | Killed an ogre
  2633 | D:4      | Reached skill level 5 in Long Blades
  2633 | D:4      | Reached XP level 5. HP: 5/41 MP: 5/5
  2810 | D:4      | Noticed an ogre
  2820 | D:4      | Killed an ogre
  2821 | D:4      | Reached skill level 6 in Long Blades
  2821 | D:4      | Reached XP level 6. HP: 42/47 MP: 6/6
  2968 | D:4      | Found a sacrificial altar of Ru.
  2992 | D:4      | Found Deufoetake's Jewellery Boutique.
  3000 | D:4      | Noticed an ogre
  3021 | D:4      | Killed an ogre
  3254 | D:4      | Reached skill level 7 in Long Blades
  3254 | D:4      | Reached XP level 7. HP: 52/52 MP: 7/7
  3389 | D:5      | Entered Level 5 of the Dungeon
  3851 | D:5      | Reached skill level 8 in Long Blades
  4010 | D:5      | Found Deotit's General Store.
  4018 | D:5      | Bought a scroll of identify for 24 gold pieces
  4419 | D:5      | Reached XP level 8. HP: 33/58 MP: 8/8
  4745 | D:6      | Reached skill level 9 in Long Blades
  5375 | D:6      | Found Qeoloac's Specific Store.
  5379 | D:6      | Found Ciubutiq's General Store.
  5489 | D:6      | Found a broken altar of Ashenzari.
  5506 | D:6      | Killed from afar by an electric eel

Illustrated notes

Levels and vault maps discovered:
D:1:      beargit_arrival_greenhouse, layout_basic, nicolae_titane
D:2:      layout_loops_corners, basic_ecumenical_altar,
          kennysheep_decorative_pillar, minmay_cupped
D:3:      layout_loops_ring, nicolae_gozag_seed_capital,
          gammafunk_temple_overflow_statue
D:4:      layout_rooms, nicolae_ru_sacrificial_ziggurat, serial_shops, shop
D:5:      layout_loops_corners, serial_shops, shop, minmay_holes,
          grunt_ministairs_1, skrybe_limestone_x
D:6:      layout_cave_pools, overflow_temple_1_default, makhleb_grotto_becter,
          grunt_decor_mini_mirrors, nicolae_specific_store, corner_web_ring,
          serial_bayou_lagoon_b

Skill      XL: |  1  2  3  4  5  6  7  8 |
---------------+-------------------------+-----
Long Blades    | 3 4 5 6 7 8 9 |  9.8
Fighting       | |  3.2
Armour         | |  3.2
Shields        | |  4.0

Action                   |  1- 3 |  4- 6 |  7- 9 || total
-------------------------+-------+-------+-------++-------
Melee: Long sword        |   124 |    47 |       ||   171
       Dagger            |       |    48 |   203 ||   251
  Use: Potion            |       |     2 |     1 ||     3
       Scroll            |       |       |    16 ||    16
Armor: Scale mail        |    54 |    34 |    42 ||   130
Dodge: Dodged            |    68 |    37 |    49 ||   154
Block: Buckler           |    37 |    18 |    35 ||    90

Table legend: (Time is in decaauts)
 A = Elapsed time spent in this place.
 B = Non-inter-level travel time spent in this place.
 C = Inter-level travel time spent in this place.
 D = Time resting spent in this place.
 E = Time spent auto-exploring this place.
 F = Levels seen in this place.
 G = Mean time per level.
                   A        B        C        D        E       F      G
               +--------+--------+--------+--------+--------+-----+--------+
         Total |   5499 |   5364 |    135 |   1099 |   3390 |   6 |  916.5 |
       Dungeon |   5499 |   5364 |    135 |   1099 |   3390 |   6 |  916.5 |
               +--------+--------+--------+--------+--------+-----+--------+

Top non-repeatable levels by time:
     D:5: 1476 daAuts
     D:1: 979 daAuts
     D:2: 839 daAuts
     D:3: 836 daAuts
     D:4: 768 daAuts
     D:6: 599 daAuts
